 Dungeon Crawl Stone Soup version 0.30-a0-782-ge64f9170bb (webtiles) character file.

Game seed: 3808556714834147453

543 vineage the Trooper (level 7, -2/45 HPs)
             Began as a Gargoyle Fighter on Mar 16, 2023.
             Slain by Dowan
             ... wielding a +0 dagger
              (6 damage)
             ... on level 4 of the Dungeon.
             The game lasted 00:03:13 (2941 turns).

vineage the Trooper (Gargoyle Fighter)              Turns: 2941, Time: 00:03:14

Health: -2/45      AC: 13    Str: 21    XL:     7   Next: 27%
Magic:  7/7        EV: 10    Int:  9    God:
Gold:   310        SH:  4    Dex:  9    Spells: 6/6 levels left

rFire   + + .      SeeInvis .    a - +0 flail
rCold   . . .      Faith    .    c - +0 buckler
rNeg    + . .      Spirit   .    q - +0 ring mail {rF+}
rPois   ∞          Reflect  .    (no helmet)
rElec   +          Harm     .    r - +0 cloak
rCorr   .          Rampage  .    o - +0 pair of gloves
Will    .....                    (no boots) Stlth
                                 (no amulet)
HPRegen 0.27/turn                b - ring of protection from fire
MPRegen 0.10/turn                (no ring)

@: mighty
A: sickness immunity, AC +4, negative energy resistance 1, electricity
resistance, torment resistance 1, petrification resistance
a: no special abilities


You were on level 4 of the Dungeon.
You visited 1 branch of the dungeon, and saw 4 of its levels.

You collected 310 gold pieces.

Inventory:

Hand Weapons
 a - a +0 flail (weapon)
Missiles
 i - a throwing net (quivered)
Armour
 c - a +0 buckler (worn)
 o - a +0 pair of gloves (worn)
 q - a +0 ring mail of fire resistance (worn)
 r - a +0 cloak (worn)
Jewellery
 b - a ring of protection from fire (left hand)
Scrolls
 e - a scroll of noise
 k - a scroll of immolation
 m - 4 scrolls of magic mapping
 n - a scroll of fear
 p - 2 scrolls of identify
 s - a scroll of vulnerability {unknown}
Potions
 f - a potion of brilliance
 h - a potion of mutation
 j - 2 potions of cancellation


   Skills:
 * Level 5.8 Fighting
 * Level 4.7 Maces & Flails
 + Level 4.6 Armour
 + Level 4.6 Shields


You had 6 spell levels left.
You didn't know any spells.
Your spell library contained the following spells:

 Spells                   Type           Power      Damage    Failure   Level
 Beastly Appendage        Tmut           0%         N/A       63%         1
 Sandblast                Erth           0%         2d4       63%         1
 Passwall                 Tmut/Erth      0%         N/A       77%         2
 Wereblood                Tmut           0%         N/A       77%         2
 Inner Flame              Hex/Fire       0%         N/A       94%         3
 Spider Form              Tmut/Pois      0%         N/A       94%         3
 Stone Arrow              Conj/Erth      0%         3d7       94%         3
 Cause Fear               Hex            0%         N/A       100%        4
 Yara's Violent Unravell  Hex/Tmut       0%         3d3       100%        5
 Discord                  Hex            0%         N/A       100%        8
 Necromutation            Tmut/Necr      0%         N/A       100%        8
 Cigotuvi's Dreadful Rot  Necr/Pois/Air  Unusable   N/A       N/A         2

Dungeon Overview and Level Annotations

Branches:
Dungeon (4/15)
 Temple: D:4-7

Altars:
Kikubaaqudgha

Annotations:
D:4 Dowan


Innate Abilities, Weirdness & Mutations

You are immune to sickness and miasma.
Your stone body is resilient. (AC +4)
You are immune to poison.
You resist negative energy. (rN+)
You are resistant to electric shocks. (rElec)
You are resistant to unholy torment.
You are immune to petrification.


Message History

Duvessa attacks as you move away! Duvessa barely misses you.
You sock Duvessa!
Duvessa is moderately wounded.
Duvessa hits you with a +4 short sword of protection.
* * * LOW HITPOINT WARNING * * *
It was a potion of magic.
Magic courses through your body. Duvessa hits you but does no damage.
You thump Duvessa!
Duvessa is severely wounded.
Duvessa says, "Practise, practise, practise!
One day you'll be as good as me." Duvessa barely misses you.
Dowan casts a spell.
Dowan blinks!
You sock Duvessa!
Duvessa is almost dead.
You block Duvessa's attack.
You sock Duvessa!
You kill Duvessa!
Dowan seems overcome with grief.
Dowan seems to find hidden reserves of power!
Dowan points at you and mumbles some strange words.
The shard of ice misses you. Dowan hits you with a +0 dagger.
* * * LOW HITPOINT WARNING * * *
You miss Dowan.
Dowan is moderately wounded.
Dowan says, "Her death will not be in vain!"
Dowan barely misses you.
Dowan says, "How can I live without her?"
Dowan mumbles some strange words.
Dowan blinks!
Dowan hits you but does no damage.
Things that are here:
a +4 short sword of protection; a +0 leather armour You closely miss Dowan.
Dowan is moderately wounded.
You block Dowan's attack. Dowan misses you.
You closely miss Dowan.
Dowan is moderately wounded.
Dowan hits you with a +0 dagger.
You die...

#..##...######## #.#
#..###)## #.# #..#
#.######### ###.## #..#
#.........# #..... #..#
#########.######## #.###.
#<.# #........## #.# #.
#..# #.......... #.###.
#..# ###.####### #.(...
...# #@#....⌠# #.####
#.## #e'....8# #)# ...#
#.#....⌠#.###.# ...#
#.##+#+##.....# ##.# #.#
#.###.## #.# #####.# #..#
#.# #.....#######.# #..#
#.#########.###.........#
#..# ##...........#
###....#### #..#


You could see Dowan (fast).

Vanquished Creatures
  Duvessa (D:4)
  3 scorpions (D:4)
  3 hounds
  An iguana (D:4)
  4 gnolls (D:3)
  6 adders
  An ufetubus (D:4)
  2 dart slugs (D:3)
  3 orcs
  6 bats
  2 endoplasms (D:2)
  3 giant cockroaches
  3 goblins
  7 hobgoblins
  A quokka (D:3)
  6 ball pythons
  4 frilled lizards
  5 kobolds
  3 rats
64 creatures vanquished.

Notes
Turn   | Place    | Note
-------+----------+-------------------------------------------
     0 | D:1      | vineage the Gargoyle Fighter began the quest for the Orb.
     0 | D:1      | Reached XP level 1. HP: 14/14 MP: 1/1
    32 | D:1      | Got Vasemuyg's Essays on Unclean Evolution
   450 | D:1      | Reached XP level 2. HP: 15/19 MP: 2/2
   816 | D:1      | Found a faded altar of an unknown god.
  1032 | D:2      | Reached XP level 3. HP: 21/24 MP: 3/3
  1434 | D:2      | Reached skill level 4 in Fighting
  1602 | D:2      | Reached XP level 4. HP: 29/29 MP: 4/4
  1786 | D:3      | Reached XP level 5. HP: 14/34 MP: 5/5
  1993 | D:3      | Found an ancient bone altar of Kikubaaqudgha.
  2510 | D:4      | Reached skill level 5 in Fighting
  2510 | D:4      | Reached XP level 6. HP: 38/40 MP: 6/6
  2858 | D:4      | Reached XP level 7. HP: 44/44 MP: 7/7
  2912 | D:4      | Noticed Duvessa
  2913 | D:4      | Noticed Dowan
  2937 | D:4      | Killed Duvessa
  2941 | D:4      | Slain by Dowan

Illustrated notes

Levels and vault maps discovered:
D:1:      nicolae_arrival_somewhat_less_tricky_arrival, layout_loops_ring,
          hellmonk_ecumenical_altar_defaced_shrine, roderic_lattice_a
D:2:      layout_loops_ring
D:3:      layout_rooms, mainiacjoe_overflow_alcove_1, grunt_decor_fettered
D:4:      dreamdust_elfheim, layout_loops_ring

Skill      XL: |  1  2  3  4  5  6 |
---------------+-------------------+-----
Fighting       | 4 5 |  5.8
Maces & Flails | 3 4 |  4.7
Armour         | 4 |  4.6
Shields        | 4 |  4.6

Action                     |  1- 3 |  4- 6 |  7- 9 || total
---------------------------+-------+-------+-------++-------
  Melee: Flail             |    97 |   133 |    22 ||   252
    Use: Scroll            |     1 |     9 |       ||    10
         Potion            |       |       |     3 ||     3
 Armour: Scale mail        |    65 |    16 |       ||    81
         Ring mail         |       |    43 |     9 ||    52
  Dodge: Dodged            |    49 |    83 |    11 ||   143
  Block: Buckler           |    26 |    30 |     6 ||    62

Table legend: (Time is in decaauts)
 A = Elapsed time spent in this place.
 B = Non-inter-level travel time spent in this place.
 C = Inter-level travel time spent in this place.
 D = Time resting spent in this place.
 E = Time spent auto-exploring this place.
 F = Levels seen in this place.
 G = Mean time per level.
                   A        B        C        D        E       F      G
               +--------+--------+--------+--------+--------+-----+--------+
         Total |   3010 |   2895 |    115 |      0 |   2340 |   4 |  752.5 |
       Dungeon |   3010 |   2895 |    115 |      0 |   2340 |   4 |  752.5 |
               +--------+--------+--------+--------+--------+-----+--------+

Top non-repeatable levels by time:
     D:1: 975 daAuts
     D:2: 771 daAuts
     D:3: 689 daAuts
     D:4: 574 daAuts
